 Dungeon Sprint DCSS version 0.29.1-2-gbd0b4ee654 (webtiles) character file.

Game seed: 15841327125225185186

14704 Groucho the Imperceptible (level 11, -10/66 HPs)
             Began as a Felid Berserker on Nov 4, 2022.
             Was a High Priest of Trog.
             Shot with a sling bullet by a minotaur (40 damage)
             ... in the Dungeon (Sprint VII: "The Pits").
             The game lasted 00:14:45 (4917 turns).

Groucho the Imperceptible (Felid Berserker)         Turns: 4917, Time: 00:14:46

Health: -10/66     AC:  3    Str: 17    XL:     11   Next: 92%
Magic:  12/12      EV: 32    Int: 10    God:    Trog [*****.]
Gold:   8          SH:  0    Dex: 15    Spells: 10/10 levels left
                                        Lives:  0   Deaths: 3

rFire   . . .      SeeInvis +     - Unarmed
rCold   + . .      Faith    .   (shield unavailable)
rNeg    . . .      Spirit   .   (body armour unavailable)
rPois   .          Reflect  .   (helmet unavailable)
rElec   .          Harm     .   (cloak unavailable)
rCorr   .          Rampage  .   (gloves unavailable)
Will    +++..      NoTele   +   (boots unavailable)
Stlth   +++++++++.              (no amulet)
HPRegen 1.21/turn               (no ring)
MPRegen 0.13/turn               (no ring)

@: strong-willed, regenerating, quick
A: very small, claws 1, fangs 3, see invisible, speed 1, shaggy fur 3, stealthy
paws, no weapons or thrown items, no armour, multi-lived
a: Renounce Religion, Berserk, Trog's Hand, Brothers in Arms


You were in the Dungeon.
You worshipped Trog.
Trog was extremely pleased with you.
You visited 1 branch You collected 8 gold pieces.

Inventory:

Jewellery
 g - a +3 ring of strength
 i - a +3 ring of evasion
 p - a ring of positive energy
 r - a ring of resist corrosion
Wands
 q - a wand of acid (10)
Scrolls
 f - a scroll of blinking
 h - a scroll of summoning
 l - 3 scrolls of butterflies
 m - 3 scrolls of identify
 n - a scroll of fear
 o - a scroll of magic mapping
Potions
 a - 3 potions of curing
 c - 3 potions of haste
 d - 4 potions of magic
 e - 4 potions of berserk rage
 j - 2 potions of mutation
 k - a potion of resistance


   Skills:
 + Level 18.4 Fighting
 + Level 23.2 Dodging
 + Level 24.7 Stealth
 + Level 18.4 Unarmed Combat


You had 10 spell levels left.
You didn't know any spells.
Your spell library was empty.

Dungeon Overview and Level Annotations

Branches:
Dungeon (1/1)

Altars:
Ashenzari
Cheibriados
Dithmenos
Elyvilon
Fedhas
Gozag
Hepliaklqana
Kikubaaqudgha
Makhleb
Nemelex Xobeh
Okawaru
Qazlal
Ru
Sif Muna
Trog
Uskayaw
Vehumet
Wu Jian
Xom
Yredelemnul
Zin
The Shining One
Jiyva
Lugonu


Innate Abilities, Weirdness & Mutations

You have sharp claws.
You have razor-sharp teeth.
You have supernaturally acute eyesight. (SInv)
You cover ground quickly. (Speed+)
Your thick and shaggy fur keeps you warm. (AC +3, rC+)
Your paws help you pounce on unaware monsters.
You are incapable of wielding weapons or throwing items.
You cannot wear armour.
You gain extra lives every three experience levels.


Message History

The sixfirhy shocks your deep troll! The large abomination misses you.
Unknown command.
Unknown command.
You claw the large abomination! Your bite misses the large abomination.
The large abomination is almost destroyed.
The sixfirhy hits your deep troll. The sixfirhy shocks your deep troll!
Your deep troll is engulfed in blessed fire.
Your deep troll bites the sixfirhy!!
The sixfirhy dies!
Trog accepts your kill.
The large abomination completely misses you.
Your deep troll is engulfed in blessed fire.
Your deep troll bites the large abomination.
The large abomination is destroyed!
Trog accepts your kill.
Unknown command.
Unknown command.
Okay, then.
Your skin crawls.
You feel strong-willed.
Your deep troll is engulfed in blessed fire.
Unknown command.
Unknown command.
You feel better.
Your deep troll bites the minotaur!
Your deep troll claws the minotaur but does no damage. x2
The minotaur shoots a sling bullet.
The sling bullet hits your deep troll!
Your deep troll bites the minotaur!
Your deep troll claws the minotaur. x2
You hear a shout!
You hear an angry buzzing noise.
You feel better.
You hear an angry buzzing noise. x2; You hear a shout!
Your deep troll barely misses the minotaur.
Your deep troll closely misses the minotaur.
Your deep troll barely misses the minotaur.
The minotaur shoots a sling bullet.
The sling bullet hits your deep troll!!
Your deep troll dies!
Your deep troll's corpse disappears in a puff of smoke!
You feel better.
The minotaur shoots a sling bullet.
The sling bullet hits you!!!
Ouch! That really hurt!
You die... #..################..##..#... #..# .# #○#..##...... #..# C# #k #..##...... #..# o# #i #..####++## #..# ☼# #Y #..# #..# C#R

#..# #..#########H######..#
#####...........†§.......#
__.##..........§@§.......#
__.###########++##########
...###########++##########
##'##................##..#
)'.##......#..#......##..#
##.##................''..#
)...'................''..########
#####......#..#......##...))....(
#[[##................##.....)....


You could see a minotaur, a cyclops and an efreet.

Vanquished Creatures
  A vampire knight (D)
  A minotaur (D)
  A great orb of eyes (D)
  2 yaktaur captains (D)
  Erolcha (D)
  A naga warrior (D)
  2 deep elf knights (D)
  A deep troll (D)
  A flayed ghost (D)
  3 orc knights (D)
  A deep elf zephyrmancer (D)
  A rust devil (D)
  An unseen horror (D)
  A cane toad (D)
  A rime drake (D)
  A freezing wraith (D)
  Sigmund (D)
  A vampire (D)
  An air elemental (D)
  A wyvern (D)
  A redback (D)
  A black bear (D)
  A phantom (D)
  4 wights (D)
  A crimson imp (D)
  A jelly (D)
  A gnoll (D)
  A river rat (D)
  An ufetubus (D)
  4 orcs (D)
  A bat (D)
  A goblin (D)
  2 jackals (D)
  2 ball python skeletons (D)
  A frilled lizard (D)
  A kobold (D)
  A rat (D)
49 creatures vanquished.

Vanquished Creatures (collateral kills)
  An emperor scorpion (D)
  2 orc warlords (D)
  An ophan (D)
  A red draconian (D)
  Snorg (D)
  An eidolon (D)
  Harold (D)
  2 vault guards (D)
  A death yak (D)
  2 naga warriors (D)
  An orc high priest (D)
  A sixfirhy (D)
  3 skeletal warriors (D)
  A large abomination (D)
  A bog body (D)
  2 phantasmal warriors (D)
  6 orc knights (D)
  A deep elf zephyrmancer (D)
  A cyclops (D)
  A black mamba (D)
  A rust devil (D)
  An eye of devastation (D)
  A gargoyle (D)
  A demonic crawler (D)
  A wandering mushroom (D)
  2 tarantellas (D)
  A tyrant leech (D)
  A polar bear (D)
  A jumping spider (D)
  6 vampire mosquitoes (D)
  2 acid dragons (D)
  6 wolves (D)
  2 gnoll sergeants (D)
  A scorpion (D)
  A wight (D)
  A quasit (D)
  An iron imp (D)
  An orc priest (D)
  8 gnolls (D)
  A river rat (D)
  2 ufetubi (D)
  A worm (D)
  3 orcs (D)
  A giant cockroach (D)
  A goblin (D)
79 creatures vanquished.

Vanquished Creatures (others)
  An orc (D)
1 creature vanquished.

Grand Total: 129 creatures vanquished

Notes
Turn   | Place    | Note
-------+----------+-------------------------------------------
     0 | D        | Groucho the Felid Berserker began the quest for the Orb.
     0 | D        | Reached XP level 1. HP: 10/10 MP: 2/2
    12 | D        | Reached skill level 1 in Stealth
   391 | D        | Found a bloodstained altar of Trog.
   391 | D        | Found a shimmering blue altar of Sif Muna.
   391 | D        | Found a viscous altar of Jiyva.
   391 | D        | Found a hazy altar of Hepliaklqana.
   391 | D        | Found an opulent altar of Gozag.
   392 | D        | Found a glowing golden altar of the Shining One.
   392 | D        | Found a glowing silver altar of Zin.
   392 | D        | Found a basalt altar of Yredelemnul.
   392 | D        | Found a shimmering altar of Xom.
   392 | D        | Found an ornate altar of the Wu Jian Council.
   392 | D        | Found a sacrificial altar of Ru.
   392 | D        | Found a stormy altar of Qazlal.
   392 | D        | Found an iron altar of Okawaru.
   392 | D        | Found a sparkling altar of Nemelex Xobeh.
   392 | D        | Found a burning altar of Makhleb.
   392 | D        | Found a blossoming altar of Fedhas.
   392 | D        | Found a white marble altar of Elyvilon.
   392 | D        | Found a shadowy altar of Dithmenos.
   392 | D        | Found a snail-covered altar of Cheibriados.
   395 | D        | Found a corrupted altar of Lugonu.
   395 | D        | Found a radiant altar of Vehumet.
   396 | D        | Found an ancient bone altar of Kikubaaqudgha.
   396 | D        | Found a hide-covered altar of Uskayaw.
   396 | D        | Found a broken altar of Ashenzari.
   625 | D        | Reached ** piety under Trog
   626 | D        | Reached skill level 2 in Stealth
   626 | D        | Reached XP level 2. HP: 9/14 MP: 3/3
   629 | D        | Reached skill level 5 in Dodging
   629 | D        | Reached skill level 3 in Stealth
  1061 | D        | Noticed a phantom
  1082 | D        | Reached *** piety under Trog
  1104 | D        | Killed a phantom
  1105 | D        | Reached skill level 5 in Fighting
  1105 | D        | Reached skill level 6 in Stealth
  1105 | D        | Reached skill level 5 in Unarmed Combat
  1105 | D        | Reached XP level 3. HP: 17/19 MP: 4/4
  1105 | D        | Reached XP level 4. HP: 21/23 MP: 5/5
  1151 | D        | Noticed Sigmund
  1151 | D        | Noticed a black bear
  1174 | D        | Reached **** piety under Trog
  1190 | D        | Killed Sigmund
  1191 | D        | Reached skill level 8 in Stealth
  1191 | D        | Reached XP level 5. HP: 28/28 MP: 6/6
  1206 | D        | Killed a black bear
  1207 | D        | Reached skill level 9 in Stealth
  1207 | D        | Gained mutation: You are covered in thick fur. (AC +2)
                  | [Felid growth]
  1207 | D        | Reached XP level 6. HP: 15/33 MP: 7/7
  1218 | D        | Reached skill level 10 in Dodging
  1233 | D        | Reached ***** piety under Trog
  1234 | D        | Reached skill level 10 in Stealth
  1521 | D        | Noticed a wyvern
  1523 | D        | Killed a wyvern
  1524 | D        | Reached XP level 7. HP: 37/37 MP: 8/8
  1637 | D        | Noticed a rime drake
  1638 | D        | Noticed a gargoyle
  1640 | D        | Reached skill level 11 in Stealth
  1653 | D        | Killed a rime drake
  1654 | D        | Reached skill level 12 in Stealth
  1656 | D        | Reached ****** piety under Trog
  1659 | D        | Reached XP level 8. HP: 22/42 MP: 9/9
  1674 | D        | Killed a gargoyle
  1675 | D        | Reached skill level 13 in Stealth
  1693 | D        | Reached skill level 10 in Fighting
  1693 | D        | Reached skill level 10 in Unarmed Combat
  1919 | D        | Noticed an orc high priest
  1919 | D        | Noticed a tarantella
  1923 | D        | Noticed a sun demon
  1926 | D        | Killed a tarantella
  1932 | D        | Killed an orc high priest
  1933 | D        | Reached skill level 14 in Stealth
  1933 | D        | Reached XP level 9. HP: 45/48 MP: 10/10
  2109 | D        | Noticed a freezing wraith
  2109 | D        | Noticed a cane toad
  2109 | D        | Noticed Erolcha
  2119 | D        | Killed a freezing wraith
  2123 | D        | Killed Erolcha
  2124 | D        | Reached skill level 15 in Stealth
  2126 | D        | Killed a cane toad
  2127 | D        | Reached skill level 15 in Dodging
  2422 | D        | Noticed a deep elf zephyrmancer
  2422 | D        | Noticed a rust devil
  2429 | D        | Reached skill level 16 in Stealth
  2432 | D        | Killed a deep elf zephyrmancer
  2433 | D        | Reached XP level 10. HP: 53/53 MP: 11/11
  2434 | D        | Killed a rust devil
  2585 | D        | Noticed a death yak
  2587 | D        | Noticed a flayed ghost
  2603 | D        | Killed a flayed ghost
  2604 | D        | Reached skill level 17 in Stealth
  2611 | D        | Killed a death yak
  2617 | D        | Noticed a cyclops
  2617 | D        | Noticed Harold
  2622 | D        | Killed a cyclops
  2626 | D        | Killed Harold
  2627 | D        | Reached skill level 18 in Stealth
  2632 | D        | Noticed a phantasmal warrior
  2632 | D        | Noticed a bog body
  2643 | D        | Killed a bog body
  2647 | D        | Killed a phantasmal warrior
  2648 | D        | Reached XP level 11. HP: 59/59 MP: 12/12
  2656 | D        | Noticed a phantasmal warrior
  2656 | D        | Noticed a vampire knight
  2661 | D        | Killed a phantasmal warrior
  2665 | D        | Noticed an eidolon
  2668 | D        | Reached skill level 19 in Stealth
  2677 | D        | Demolished by a vampire knight
  2678 | D        | Reached XP level 10. HP: -19/84 MP: 11/11
  2731 | D        | Noticed a deep elf zephyrmancer
  2732 | D        | Killed a deep elf zephyrmancer
  2736 | D        | Noticed a vault guard
  2741 | D        | Killed a vault guard
  2750 | D        | Killed from afar by an eidolon
  2751 | D        | Reached XP level 9. HP: -15/44 MP: 10/10
  2757 | D        | Killed an eidolon
  2758 | D        | Reached skill level 15 in Fighting
  2758 | D        | Reached skill level 20 in Stealth
  2758 | D        | Reached skill level 15 in Unarmed Combat
  2758 | D        | Reached XP level 10. HP: 12/57 MP: 11/11
  3271 | D        | Killed a vampire knight
  3430 | D        | Noticed a black mamba
  3435 | D        | Killed a black mamba
  3918 | D        | Noticed a deep troll
  3925 | D        | Killed a deep troll
  4135 | D        | Noticed a rust devil
  4144 | D        | Killed a rust devil
  4149 | D        | Reached skill level 21 in Stealth
  4158 | D        | Noticed an emperor scorpion
  4181 | D        | Killed an emperor scorpion
  4182 | D        | Reached XP level 11. HP: 62/62 MP: 12/12
  4203 | D        | Noticed Snorg
  4203 | D        | Noticed a skeletal warrior
  4203 | D        | Noticed an orc knight
  4203 | D        | Noticed an orc knight
  4203 | D        | Noticed an orc knight
  4203 | D        | Noticed an orc knight
  4207 | D        | Noticed a skeletal warrior
  4211 | D        | Killed a skeletal warrior
  4212 | D        | Killed Snorg
  4215 | D        | Noticed a skeletal warrior
  4221 | D        | Killed a skeletal warrior
  4222 | D        | Killed a skeletal warrior
  4226 | D        | Noticed an orc knight
  4226 | D        | Noticed an orc knight
  4230 | D        | Noticed an orc warlord
  4230 | D        | Noticed an orc knight
  4231 | D        | Noticed an orc knight
  4232 | D        | Noticed an orc warlord
  4233 | D        | Killed an orc knight
  4235 | D        | Killed an orc knight
  4235 | D        | Killed an orc warlord
  4236 | D        | Reached skill level 22 in Stealth
  4236 | D        | Killed an orc knight
  4236 | D        | Killed an orc knight
  4237 | D        | Noticed an orc knight
  4237 | D        | Killed an orc knight
  4243 | D        | Killed an orc knight
  4243 | D        | Killed an orc warlord
  4247 | D        | Killed an orc knight
  4252 | D        | Killed an orc knight
  4253 | D        | Reached skill level 23 in Stealth
  4258 | D        | Killed an orc knight
  4259 | D        | Gained mutation: Your thick and shaggy fur keeps you warm.
                  | (AC +3, rC+) [Felid growth]
  4259 | D        | Reached XP level 12. HP: 50/68 MP: 13/13
  4402 | D        | Noticed a naga warrior
  4405 | D        | Noticed a yaktaur captain
  4406 | D        | Noticed a vault guard
  4406 | D        | Noticed a yaktaur captain
  4407 | D        | Noticed a great orb of eyes
  4407 | D        | Noticed a minotaur
  4503 | D        | Killed a minotaur
  4551 | D        | Killed a great orb of eyes
  4560 | D        | Killed a naga warrior
  4590 | D        | Killed a yaktaur captain
  4665 | D        | Noticed a naga warrior
  4666 | D        | Noticed a naga warrior
  4689 | D        | Killed a vault guard
  4694 | D        | Killed a yaktaur captain
  4698 | D        | Killed a naga warrior
  4699 | D        | Reached skill level 24 in Stealth
  4714 | D        | Noticed a red draconian
  4722 | D        | Killed a red draconian
  4733 | D        | HP: 3/69 [naga warrior/+0 glaive (30)]
  4733 | D        | Constricted to death by a naga warrior
  4733 | D        | Killed a naga warrior
  4734 | D        | Reached XP level 11. HP: -2/65 MP: 12/12
  4898 | D        | Noticed a sixfirhy
  4898 | D        | Noticed a large abomination
  4900 | D        | Noticed an ophan
  4910 | D        | Identified the +6 sling of Lustucil {vorpal, rElec Will-
                  | Str+2 Int+5}
  4910 | D        | Noticed a minotaur
  4910 | D        | Killed an ophan
  4913 | D        | Killed a sixfirhy
  4913 | D        | Killed a large abomination
  4917 | D        | Shot with a sling bullet by a minotaur

Illustrated notes

Levels and vault maps discovered:
D:        pitsprint [storerooms_1, entrance_room_1, metal_vault_2, armoury_2,
          mini_pit_1, grid_room_1, main_hall_1, silver_pit, the_coven_2,
          the_vestibule_1, steel_vault_2, golden_pit, hallway_of_sentries,
          crystal_vault_5, iron_vault_4, final_vault]

Skill      XL: |  1  2  3  4  5  6  7  8  9 10 11 12 |
---------------+-------------------------------------+-----
Stealth        | 2 6 8 9 10 12 14 20 21 23 24 | 24.7
Dodging        | 7 9 10 12 14 19 20 23 22 | 23.2
Fighting       | 5 6 7 8 9 11 15 13 17 18 | 18.4
Unarmed Combat | 5 6 7 8 9 11 15 13 17 18 | 18.4

Action                   |  1- 3 |  4- 6 |  7- 9 | 10-12 || total
-------------------------+-------+-------+-------+-------++-------
Melee: Unarmed           |    45 |    21 |    42 |   121 ||   229
       Bite              |     7 |     1 |       |    23 ||    31
       Punch             |     1 |     1 |     3 |    12 ||    17
Invok: Berserk           |       |       |     4 |     3 ||     7
       Brothers in Arms  |       |       |     5 |    21 ||    26
       Trog's Hand       |       |       |     3 |     9 ||    12
  Use: Potion            |     2 |     3 |     2 |    20 ||    27
 Stab: Invisible         |     1 |     2 |       |       ||     3
       Sleeping          |       |     2 |     3 |     2 ||     7
       Distracted        |       |       |       |     3 ||     3
       Confused          |       |       |       |     1 ||     1
Armor: Skin              |     4 |       |       |     2 ||     6
Dodge: Dodged            |    39 |    12 |    42 |   126 ||   219
